 Dungeon Crawl Stone Soup version 0.25-a0-528-g6b7c99946c (webtiles) character file.

Game seed: 13874053487276485326, levelgen mode: deterministic

3110 Grimalkyne the Fighter (level 9, 86/86 HPs)
             Began as a White Draconian Fire Elementalist on Feb 17, 2020.
             Was a Believer of Vehumet.
             Quit the game on level 9 of the Dungeon on Feb 19, 2020.
             The game lasted 00:38:59 (10901 turns).

Grimalkyne the Fighter (DrFE)                      Turns: 10901, Time: 00:39:00

Health: 86/86      AC: 11    Str: 11    XL:     9   Next: 60%
Magic:  12/12      EV: 12    Int: 18    God:    Vehumet [**....]
Gold:   473        SH:  0    Dex: 12    Spells: 2/12 levels left

rFire    . . .     SeeInvis +   u - +0 hand axe (elec)
rCold    + . .     Gourm    .   (no shield)
rNeg     . . .     Faith    .   (armour unavailable)
rPois    .         Spirit   .   (helmet restricted)
rElec    .         Reflect  .   E - +0 cloak
rCorr    .         Harm     .   (no gloves)
MR       .....                  n - +2 pair of boots
Stlth    ++........             (no amulet)
HPRegen  0.24/turn              a - ring of see invisible
MPRegen  0.13/turn              (no ring)

@: no status effects
A: breathe frost, unfitting armour, cold resistance 1, cold-blooded, AC +7
a: Breathe Frost, Renounce Religion


You were on level 9 of the Dungeon.
You worshipped Vehumet.
Vehumet was pleased with you.
You were not hungry.

You visited 2 branches of the dungeon, and saw 10 of its levels.

You collected 473 gold pieces.

Inventory:

Hand Weapons
 r - a +0 hunting sling
 u - a +0 hand axe of electrocution (weapon)
Missiles
 h - 231 stones (quivered)
 j - 13 poisoned darts
Armour
 n - a +2 pair of boots (worn)
 E - a +0 cloak (worn)
Jewellery
 a - a ring of see invisible (left hand)
 t - an uncursed amulet of guardian spirit
 A - an uncursed ring of stealth {unknown}
Wands
 y - a wand of enslavement (12)
 C - a wand of random effects (10)
 D - a wand of paralysis (10)
Scrolls
 c - a scroll of teleportation
 e - 3 scrolls of remove curse
 f - a scroll of fog {unknown}
 m - a scroll of fear {unknown}
 p - 7 scrolls of identify
 w - a scroll of silence {unknown}
 z - a scroll of magic mapping
 B - a scroll of vulnerability {unknown}
Potions
 d - 2 potions of degeneration {unknown}
 g - 3 potions of might
 i - a potion of haste {unknown}
 k - 9 potions of curing {unknown}
 l - 4 potions of brilliance {unknown}
 o - 2 potions of stabbing {unknown}
 q - 6 potions of heal wounds {unknown}
 s - a potion of cancellation {unknown}
 v - 2 potions of lignification {unknown}
 x - a potion of flight {unknown}
Comestibles
 b - 13 rations
 F - 2 chunks of flesh


   Skills:
 + Level 10.3 Fighting
 - Level 1.7 Dodging
 - Level 1.7 Stealth
 - Level 2.0 Spellcasting
 + Level 5.8 Conjurations
 - Level 5.1 Fire Magic
 - Level 5.0 Evocations


You had 2 spell levels left.
You knew the following spells:

 Your Spells              Type           Power        Failure   Level  Hunger
a - Foxfire               Conj/Fire      ###.         1%          1    #......
b - Conjure Flame         Conj/Fire      ###.....     5%          3    ###....
c - Sticky Flame          Conj/Fire      ###.....     19%         4    #####..
d - Searing Ray           Conj           ###...       2%          2    ###....

Your spell library contained the following spells:

 Spells                   Type           Power        Failure   Level  Hunger
 Magic Dart               Conj           ###.         1%          1    #......
 Animate Skeleton         Necr           N/A          19%         1    #......
 Apportation              Tloc           #.....       19%         1    #......
 Corona                   Hex            #......      19%         1    #......
 Summon Small Mammal      Summ           #...         19%         1    #......
 Blink                    Tloc           N/A          26%         2    ###....
 Call Imp                 Summ           #.......     26%         2    ###....
 Slow                     Hex            #.......     26%         2    ###....
 Inner Flame              Hex/Fire       ##......     19%         3    ###....
 Mephitic Cloud           Conj/Pois/Air  #.......     24%         3    ###....
 Fireball                 Conj/Fire      ###.......   45%         5    ######.


Dungeon Overview and Level Annotations

Branches:
Dungeon (9/15)             Temple (1/1) D:6
   Lair: D:8-11         Orc: D:9-12

Altars:
Ashenzari
Cheibriados
Dithmenos
Elyvilon
Fedhas
Nemelex Xobeh
Ru
Trog
Uskayaw
Vehumet
Wu Jian
Zin
The Shining One

Annotations:
D:3 Grinder


Innate Abilities, Weirdness & Mutations

You can breathe waves of freezing cold.
You can buffet flying creatures when you breathe cold.
Your icy white scales are hard. (AC +7)
You cannot fit into any form of body armour.
Your flesh is cold resistant. (rC+)
You are cold-blooded and may be slowed by cold attacks.


Message History

You start resting.
HP restored.
You start resting.
Eating one of 3 chunks of flesh.
You eat one of the 3 chunks of flesh.
This raw flesh tastes terrible.
Magic restored.
Things that are here:
a +0 short sword; an orc skeleton
Things that are here:
a +0 dagger; a +0 robe
Things that are here:
5 arrows; a +0 shortbow You see here an arrow.
You now have 473 gold pieces (gained 11).
You see here an arrow.
Saving game... please wait.
Welcome back, Grimalkyne the White Draconian Fire Elementalist.
Vehumet says: Let it end in hellfire!
Press ? for a list of commands and other information.
Are you sure you want to abandon this character and quit the game? (Confirm with "yes".)

.##.... #..........#
.........#..........#
)........#..........#
.......##...########
...[...###'####...##
#....##..........#
.###....##..........#
........((...[).....#
.......@##...##<...##
........##+#########
.####<..# #...# .....
.....# ......#
.......+


There were no monsters in sight!

Vanquished Creatures
  A hornet (D:7)
  A spriggan (D:8)
  A wyvern (D:7)
  2 orc warriors (D:8)
  A water moccasin (D:6)
  An ice beast (D:7)
  A black bear (D:8)
  A sky beast (D:8)
  2 ogres (D:6)
  A crocodile (D:8)
  A centaur (D:9)
  2 big kobolds
  5 bullfrogs
  A wyvern skeleton (D:6)
  A scorpion (D:6)
  A howler monkey (D:6)
  A centaur zombie (D:8)
  5 crimson imps
  4 hounds
  A jelly (D:6)
  2 orc priests (D:8)
  2 bullfrog skeletons (D:8)
  7 orc wizards
  An iguana (D:8)
  5 worker ants
  Natasha (thrice) (D:4)
  Robin (D:2)
  A worker ant zombie (D:5)
  2 gnolls
  5 adders
  A shadow imp (D:4)
  An ooze (D:2)
  An adder skeleton (D:8)
  2 adder zombies (D:7)
  2 worms
  3 dart slugs
  5 leopard geckos
  21 orcs
  A ball python (D:8)
  5 bats
  4 giant cockroaches
  14 goblins
  2 hobgoblins
  8 jackals (D:6)
  17 kobolds
  4 quokkas
  3 frilled lizards
  A leopard gecko skeleton (D:7)
  10 rats
168 creatures vanquished.

Vanquished Creatures (others)
  An orc (D:5)
  A ball python (D:5)
  A quokka (D:6)
  339 foxfires
342 creatures vanquished.

Grand Total: 510 creatures vanquished

Notes
Turn   | Place    | Note
-------+----------+-------------------------------------------
     0 | D:1      | Grimalkyne the Draconian Fire Elementalist began the quest
                  | for the Orb.
     0 | D:1      | Reached XP level 1. HP: 14/14 MP: 3/3
   337 | D:1      | Reached XP level 2. HP: 19/20 MP: 0/5
  1314 | D:2      | Reached XP level 3. HP: 26/26 MP: 4/6
  2026 | D:3      | Noticed Grinder
  2103 | D:3      | Noticed Robin
  2499 | D:2      | Learned a level 3 spell: Conjure Flame
  2571 | D:2      | Killed Robin
  2870 | D:4      | Reached skill level 5 in Fire Magic
  2870 | D:4      | Reached XP level 4. HP: 19/33 MP: 7/7
  3333 | D:4      | Reached XP level 5. HP: 30/38 MP: 8/8
  3444 | D:4      | Noticed Natasha
  3467 | D:4      | Learned a level 4 spell: Sticky Flame
  3497 | D:4      | Killed Natasha
  3520 | D:4      | Noticed Natasha
  3530 | D:4      | Killed Natasha
  3912 | D:4      | Noticed Natasha
  3973 | D:4      | Killed Natasha
  3973 | D:4      | Reached skill level 1 in Fighting
  3973 | D:4      | Reached XP level 6. HP: 18/47 MP: 5/9
  4762 | D:4      | Reached skill level 2 in Fighting
  4831 | D:5      | Entered Level 5 of the Dungeon
  5587 | D:5      | Found a hide-covered altar of Uskayaw.
  6194 | D:6      | Noticed a water moccasin
  6200 | D:6      | Killed a water moccasin
  6200 | D:6      | Reached skill level 3 in Fighting
  6200 | D:6      | Your scales start taking on an icy white colour.
  6200 | D:6      | Reached XP level 7. HP: 41/57 MP: 6/10
  6200 | D:6      | Gained mutation: Your flesh is cold resistant. (rC+) [White
                  | Draconian growth]
  6449 | D:6      | Reached skill level 4 in Fighting
  6546 | D:6      | Found a glowing silver altar of Zin.
  6608 | D:6      | Reached skill level 5 in Conjurations
  6625 | D:6      | Reached skill level 5 in Fighting
  6691 | D:6      | Found a staircase to the Ecumenical Temple.
  6709 | D:6      | Reached skill level 6 in Fighting
  6946 | Temple   | Entered the Ecumenical Temple
  6952 | Temple   | Became a worshipper of Vehumet
  6987 | D:6      | Reached XP level 8. HP: 31/70 MP: 7/11
  7531 | D:6      | Found a bloodstained altar of Trog.
  7614 | D:6      | Reached skill level 7 in Fighting
  7681 | D:6      | Found a white marble altar of Elyvilon.
  7784 | D:7      | Found a blossoming altar of Fedhas.
  7785 | D:7      | Found a shattered altar of Ashenzari.
  7812 | D:7      | Found an ornate altar of the Wu Jian Council.
  8127 | D:7      | Reached * piety under Vehumet
  8127 | D:7      | Offered knowledge of Shock by Vehumet.
  8127 | D:7      | Reached skill level 8 in Fighting
  8266 | D:7      | Upgraded the game from 0.25-a0-516-g7d600cd9ad to
                  | 0.25-a0-528-g6b7c99946c
  8282 | D:7      | Noticed a hornet
  8293 | D:7      | Killed a hornet
  8293 | D:7      | Reached skill level 5 in Fire Magic
  8293 | D:7      | Reached skill level 1 in Evocations
  8971 | D:8      | Reached skill level 9 in Fighting
  9001 | D:8      | Reached XP level 9. HP: 65/83 MP: 6/12
  9664 | D:8      | Reached skill level 5 in Evocations
  9809 | D:8      | Reached skill level 10 in Fighting
 10265 | D:8      | Found a shadowy altar of Dithmenos.
 10331 | D:8      | Reached ** piety under Vehumet
 10640 | D:9      | Offered knowledge of Searing Ray by Vehumet.
 10644 | D:9      | Learned a level 2 spell: Searing Ray
 10901 | D:9      | Quit the game

Levels and vault maps discovered:
D:1:      elethiomel_arrival_maze, layout_basic
D:2:      layout_loops_corners
D:3:      layout_loops_ring, uniq_grinder, uniq_robin
D:4:      layout_basic, uniq_natasha
D:5:      layout_gridville, eat_drink_and_be_merry_uskayaw, first_ration,
          minmay_misc_feat_columns, lemuel_flamethrower_2
D:6:      layout_cave_pools, elyvilon_altar_4, lemuel_doored_altar,
          minmay_temple_entry_ruins, basic_altar
D:7:      layout_loops_corners, grunt_temple_overflow_open
D:8:      layout_basic, chequers_serial_rivers_micro_e, grunt_pizzeria,
          nicolae_dithmenos_through_a_glass_darkly
D:9:      layout_gridville, hellmonk_ghost_happy_afterlife, uniq_maggie
Temple:   eino_temple_rhombus

Skill      XL: |  1  2  3  4  5  6  7  8  9 |
---------------+----------------------------+-----
Fire Magic     | 4 5 4 5 |  5.1
Conjurations   | 3 4 5 |  5.8
Fighting       | 1 3 6 9 10 | 10.3
Evocations     | 3 5 |  5.0
Dodging        | |  1.7
Stealth        | |  1.7
Spellcasting   | |  2.0

Action                   |  1- 3 |  4- 6 |  7- 9 || total
-------------------------+-------+-------+-------++-------
Melee: Unarmed           |     5 |       |       ||     5
       Short sword       |    68 |    73 |       ||   141
       Tailslap          |     7 |     8 |    18 ||    33
       Hand axe          |       |     3 |   190 ||   193
 Fire: Hunting sling     |       |    59 |       ||    59
Throw: Stone             |     5 |     2 |       ||     7
 Cast: Foxfire           |    31 |    69 |   101 ||   201
       Conjure Flame     |     2 |     6 |     3 ||    11
       Sticky Flame      |       |       |     6 ||     6
       Searing Ray       |       |       |     6 ||     6
 Abil: Breathe Frost     |       |       |     3 ||     3
  Use: Scroll            |       |     9 |       ||     9
 Stab: Sleeping          |       |       |     3 ||     3
  Eat: Chunk             |     7 |     5 |    14 ||    26
       Ration            |       |     2 |     2 ||     4
Armor: Skin              |    24 |    33 |    97 ||   154
Dodge: Dodged            |    63 |    74 |   142 ||   279

Table legend:
 A = Non-vault XP
 B = Vault XP
 C = Vault XP percentage of total XP
 D = Non-vault monster count
 E = Vault monster count
 F = Vault count percentage of total count
                 A         B        C        D         E       F
            +---------+---------+-------+---------+---------+-------
      Total |    4161 |     283 |   6.4 |     155 |      13 |   7.7
            +---------+---------+-------+---------+---------+-------
        D:1 |      32 |       0 |   0.0 |      17 |       0 |   0.0
        D:2 |      23 |      25 |  52.1 |       9 |       6 |  40.0
        D:3 |      49 |       8 |  14.0 |      13 |       5 |  27.8
        D:4 |     281 |      35 |  11.1 |      15 |       1 |   6.2
        D:5 |     164 |       0 |   0.0 |      15 |       0 |   0.0
        D:6 |    1066 |       0 |   0.0 |      35 |       0 |   0.0
        D:7 |     929 |       0 |   0.0 |      13 |       0 |   0.0
        D:8 |    1455 |     215 |  12.9 |      34 |       1 |   2.9
        D:9 |     162 |       0 |   0.0 |       4 |       0 |   0.0
            +---------+---------+-------+---------+---------+-------
